 Dungeon Crawl Stone Soup version 0.25-a0-96-g4073cf80fb (webtiles) character file.

Game seed: 7839071423707945110, levelgen mode: deterministic

493 vurker the Magician (level 6, -1/44 HPs)
             Began as a Mummy Fire Elementalist on Nov 11, 2019.
             Killed from afar by an orc wizard (4 damage)
             ... with a puff of frost
             ... on level 4 of the Dungeon.
             The game lasted 00:07:49 (4359 turns).

vurker the Magician (Mummy Fire Elementalist)       Turns: 4359, Time: 00:07:49

Health: -1/44      AC:  6    Str: 11    XL:     6   Next: 92%
Magic:  0/13       EV: 12    Int: 17    God:
Gold:   120        SH:  0    Dex: 12    Spells: 7/15 levels left

rFire    . . .     SeeInvis +   i - +0 dagger (drain)
rCold    + . .     Gourm    .   (no shield)
rNeg     + + +     Faith    .   p - +1 robe {rF+}
rPois    ∞         Spirit   .   (no helmet)
rElec    .         Reflect  .   (no cloak)
rCorr    .         Harm     .   j - +2 pair of gloves
MR       .....                  (no boots)
Stlth    ++........             e - amulet of regeneration
HPRegen  0.54/turn              (no ring)
MPRegen  0.13/turn              o - ring of see invisible

@: no status effects
A: no food or potions, fire vulnerability, cold resistance 1, negative energy
resistance 3, torment resistance, unbreathing
a: no special abilities


You were on level 4 of the Dungeon.
You were not hungry.

You visited 1 branch of the dungeon, and saw 4 of its levels.

You collected 120 gold pieces.

Inventory:

Hand Weapons
 i - a +0 dagger of draining (weapon)
   (You found it on level 1 of the Dungeon)
Armour
 c - a +0 buckler
   (You found it on level 1 of the Dungeon)
 j - a +2 pair of gloves (worn)
   (You found it on level 2 of the Dungeon)
 p - a +1 robe of fire resistance (worn)
   (You took it off an orc wizard on level 4 of the Dungeon)
Jewellery
 e - an amulet of regeneration (around neck)
   (You found it on level 2 of the Dungeon)
 m - an uncursed ring of ice
   (You found it on level 3 of the Dungeon)
 o - a ring of see invisible (right hand)
   (You found it on level 3 of the Dungeon)
Scrolls
 a - a scroll of identify
 b - 4 scrolls of teleportation
 d - a scroll of enchant weapon {unknown}
 f - 2 scrolls of fear
 g - 4 scrolls of enchant armour
 h - 3 scrolls of remove curse
 k - 4 scrolls of amnesia {unknown}
 l - a scroll of immolation {unknown}
 n - a scroll of blinking
 q - a scroll of noise {unknown}


   Skills:
 + Level 2.1 Fighting
 - Level 1.5 Dodging
 - Level 1.5 Stealth
 * Level 2.2 Shields
 * Level 5.0 Spellcasting
 * Level 2.9 Conjurations
 * Level 3.7 Fire Magic


You had 7 spell levels left.
You knew the following spells:

 Your Spells              Type           Power        Failure   Level  Hunger
a - Flame Tongue          Conj/Fire      ###..        3%          1    N/A
c - Conjure Flame         Conj/Fire      ###.....     11%         3    N/A
q - Sticky Flame          Conj/Fire      ###.....     34%         4    N/A

Your spell library contained the following spells:

 Spells                   Type           Power        Failure   Level  Hunger
 Throw Flame              Conj/Fire      ###...       5%          2    N/A
 Animate Skeleton         Necr           N/A          14%         1    N/A
 Apportation              Tloc           #.....       14%         1    N/A
 Confusing Touch          Hex            #.....       14%         1    N/A
 Summon Small Mammal      Summ           #...         14%         1    N/A
 Inner Flame              Hex/Fire       ##......     21%         3    N/A
 Fireball                 Conj/Fire      ###.......   69%         5    N/A

Dungeon Overview and Level Annotations

Branches:
Dungeon (4/15)
 Temple: D:4-7

Altars:
Dithmenos


Innate Abilities, Weirdness & Mutations

You do not eat or drink.
Your flesh is vulnerable to fire.
You are immune to poison.
Your flesh is cold resistant. (rC+)
You are immune to negative energy. (rN+++)
You are immune to unholy pain and torment.
You can survive without breathing.


Message History

The flame tongue hits the adder!
You kill the adder!
The orc hits you with a cursed -1 flail!
The orc wizard points at you and mumbles some strange words.
The puff of flame hits you!
* * * LOW HITPOINT WARNING * * *
You hit the orc wizard. You drain the orc wizard. The orc closely misses you.
The orc wizard misses you.
You hit the orc wizard but do no damage.
You drain the orc wizard. The orc misses you.
The orc wizard hits you but does no damage.
You barely miss the orc wizard. The orc barely misses you.
The orc wizard barely misses you.
You barely miss the orc wizard. The orc wizard closely misses you.
You closely miss the orc wizard. The orc closely misses you.
The orc wizard gestures wildly while chanting.
The orc wizard seems to speed up.
You hit the orc wizard.
The orc hits you with a cursed -1 flail.
* * * LOW HITPOINT WARNING * * *
The orc wizard hits you but does no damage.
Aim: an orc, wielding a -1 flail and wearing a +0 scale mail The flame tongue hits the orc but does no damage.
The orc wizard closely misses you. The orc hits you but does no damage.
The orc wizard hits you but does no damage.
Aim: an orc, wielding a -1 flail and wearing a +0 scale mail The flame tongue hits the orc.
The orc wizard closely misses you. The orc hits you but does no damage.
Aim: an orc, wielding a -1 flail and wearing a +0 scale mail (severely wounded)
The flame tongue hits the orc.
You kill the orc!
The orc wizard looks braver for a moment.
The orc wizard hits you but does no damage.
You don't have enough magic to cast that spell.
You barely miss the orc wizard. The orc wizard misses you.
You miss the orc wizard.
The orc wizard hits you but does no damage.
The orc wizard gestures at you while chanting.
The puff of flame hits you!
* * * LOW HITPOINT WARNING * * *
Aim: an orc wizard, wielding a -2 dagger and wearing a +0 robe (heavily wounded, fast, heavily drained)
The flame tongue hits the orc wizard.
The orc wizard completely misses you.
The orc wizard looks encouraged for a moment.
You barely miss the orc wizard.
The orc wizard points at you and mumbles some strange words.
The puff of frost hits you. You resist.
* * * LOW HITPOINT WARNING * * *
The orc wizard casts a spell at you. The puff of frost hits you. You resist.
You die...

##. .# #. #.# #.
.#########.### #.
.............# #.
.............# #.
.....!.......# ##.
......)).....# #..
......)o.@...# #..
.#####.##....## ###..
.####.####...# #....
.......<##...########..#.
.........................
#.#####................#.
#..................
#....>...#.........
####........#.........


You could see an orc wizard.

Vanquished Creatures
  Duvessa (D:4)
  An ogre (D:4)
  Dowan (D:4)
  3 orc wizards (D:4)
  An orc priest (D:4)
  4 adders
  An adder skeleton (D:4)
  3 dart slugs (D:1)
  3 leopard geckos
  14 orcs
  2 giant cockroaches
  4 goblins
  5 hobgoblins
  11 jackals
  3 kobolds
  2 quokkas (D:3)
  3 ball pythons
  9 bats
  6 frilled lizards
  6 rats
83 creatures vanquished.

Notes
Turn   | Place    | Note
-------+----------+-------------------------------------------
     0 | D:1      | vurker the Mummy Fire Elementalist began the quest for the
                  | Orb.
     0 | D:1      | Reached XP level 1. HP: 13/13 MP: 4/4
     6 | D:1      | Noticed a lindwurm
     6 | D:1      | Noticed a killer bee
     6 | D:1      | Noticed a hog
     6 | D:1      | Noticed a wyvern
   188 | D:1      | Reached skill level 1 in Conjurations
   231 | D:1      | Reached XP level 2. HP: 19/19 MP: 0/5
   337 | D:1      | Reached skill level 3 in Spellcasting
  1264 | D:1      | Reached XP level 3. HP: 25/25 MP: 4/7
  2053 | D:2      | Reached skill level 1 in Fighting
  2513 | D:3      | Reached XP level 4. HP: 32/32 MP: 4/9
  2744 | D:3      | Found a shadowy altar of Dithmenos.
  3354 | D:4      | Learned a level 4 spell: Sticky Flame
  3358 | D:4      | Learned a level 3 spell: Conjure Flame
  3380 | D:4      | Noticed Dowan
  3455 | D:4      | Noticed Duvessa
  3539 | D:4      | Noticed an ogre
  3547 | D:4      | Killed an ogre
  3547 | D:4      | Reached skill level 1 in Shields
  3547 | D:4      | Reached skill level 4 in Spellcasting
  3547 | D:4      | Reached XP level 5. HP: 37/37 MP: 0/11
  3974 | D:4      | Killed Dowan
  3974 | D:4      | Reached XP level 6. HP: 44/44 MP: 9/12
  4151 | D:4      | Killed Duvessa
  4151 | D:4      | Reached skill level 5 in Spellcasting
  4359 | D:4      | Killed from afar by an orc wizard

Levels and vault maps discovered:
D:1:      onia_arrival_zoo_common, layout_basic
D:2:      layout_rooms, minmay_tripent
D:3:      layout_loops_ring, overflow_temple_1_default, serial_glass,
          glass_columns_b, glass_columns_a
D:4:      minmay_chambers_of_fours, layout_rooms, serial_shops, shop_coins,
          uniq_duvessa

Skill      XL: |  1  2  3  4  5  6 |
---------------+-------------------+-----
Conjurations   | 1 2 |  2.9
Spellcasting   | 3 4 5 |  5.0
Fighting       | 1 2 |  2.1
Shields        | 1 2 |  2.2
Fire Magic     | 3 |  3.7
Dodging        | |  1.5
Stealth        | |  1.5

Action                   |  1- 3 |  4- 6 || total
-------------------------+-------+-------++-------
Melee: Dagger            |    38 |    36 ||    74
 Cast: Flame Tongue      |    89 |    97 ||   186
       Sticky Flame      |       |     1 ||     1
  Use: Scroll            |       |     5 ||     5
 Stab: Sleeping          |       |     2 ||     2
Armor: Robe              |    15 |    25 ||    40
Dodge: Dodged            |    72 |    74 ||   146

Table legend:
 A = Non-vault XP
 B = Vault XP
 C = Vault XP percentage of total XP
 D = Non-vault monster count
 E = Vault monster count
 F = Vault count percentage of total count
                 A         B        C        D         E       F
            +---------+---------+-------+---------+---------+-------
      Total |     485 |     220 |  31.2 |      79 |       4 |   4.8
            +---------+---------+-------+---------+---------+-------
        D:1 |      48 |       0 |   0.0 |      24 |       0 |   0.0
        D:2 |      38 |       3 |   7.3 |      14 |       2 |  12.5
        D:3 |      52 |       0 |   0.0 |      22 |       0 |   0.0
        D:4 |     347 |     217 |  38.5 |      19 |       2 |   9.5
            +---------+---------+-------+---------+---------+-------
